 Dungeon Crawl Stone Soup version 0.29-a0-416-g83a48905f1 (webtiles) character file.

Game seed: 8489556398694039387

102 happo123 the Ruffian (level 4, 0/45 HPs)
             Began as a Troll Berserker on May 16, 2022.
             Was a Believer of Trog.
             Slain by a hobgoblin (2 damage)
             ... led by Robin
             ... on level 2 of the Dungeon.
             The game lasted 00:03:41 (1236 turns).

happo123 the Ruffian (Troll Berserker)              Turns: 1236, Time: 00:03:42

Health: 0/45       AC:  4    Str: 27    XL:     4   Next: 50%
Magic:  3/3        EV: 10    Int:  3    God:    Trog [**....]
Gold:   10         SH:  0    Dex:  9    Spells: 3/3 levels left

rFire   . . .      SeeInvis .     - Unarmed
rCold   . . .      Faith    .   (no shield)
rNeg    . . .      Spirit   .   a - +0 animal skin
rPois   .          Reflect  .   (helmet restricted)
rElec   .          Harm     .   (no cloak)
rCorr   .          Rampage  .   (gloves unavailable)
Will    .....                   (boots unavailable)
Stlth   +.........              (no amulet)
HPRegen 0.95/turn               (no ring)
MPRegen 0.08/turn               (no ring)

@: on berserk cooldown, slowed, very slow
A: large, unfitting armour, claws 3, regeneration 1, shaggy fur 1, tough skin 1
a: Renounce Religion, Berserk, Trog's Hand


You were on level 2 of the Dungeon.
You worshipped Trog.
Trog was pleased with you.
You visited 1 branch of the dungeon, and saw 2 of its levels.

You collected 10 gold pieces.

Inventory:

Missiles
 k - a throwing net (quivered)
Armour
 a - a +0 animal skin (worn)
Scrolls
 d - 2 scrolls of vulnerability {unknown}
 e - a scroll of enchant weapon {unknown}
 f - a scroll of blinking {unknown}
 i - a scroll of fear {unknown}
Potions
 b - a potion of degeneration {unknown}
 c - 2 potions of heal wounds {unknown}
 g - 2 potions of brilliance {unknown}
 h - a potion of curing {unknown}
 j - a potion of lignification {unknown}
 l - a potion of berserk rage {unknown}
 m - a potion of attraction {unknown}


   Skills:
 + Level 3.1 Fighting
 + Level 2.9 Dodging
 + Level 0.2 Stealth
 + Level 4.2 Unarmed Combat


You had 3 spell levels left.
You didn't know any spells.
Your spell library was empty.

Dungeon Overview and Level Annotations

Branches:
Dungeon (2/15)

Altars:


Innate Abilities, Weirdness & Mutations

You are too large for most types of armour.
You have claws for hands.
Your natural rate of healing is unusually fast.
You are covered in fur. (AC +1)
You have tough skin. (AC +1)


Message History

You closely miss the goblin. The goblin hits you with a +0 club.
* * * LOW HITPOINT WARNING * * *
The goblin closely misses you.
You miss the goblin. The goblin hits you with a +0 club.
* * * LOW HITPOINT WARNING * * *
The hobgoblin closely misses you.
You claw the goblin!
You kill the goblin!
Trog accepts your kill. The goblin hits you with a +0 club.
* * * LOW HITPOINT WARNING * * *
The goblin hits you with a +0 club.
* * * LOW HITPOINT WARNING * * *
Unknown command.
Things that are here:
a hobgoblin corpse; the felid corpse of Natasha You claw the hobgoblin!
You kill the hobgoblin!
Trog accepts your kill.
You can now call upon Trog for regeneration and willpower.
You claw the goblin!
You kill the goblin!
Trog accepts your kill.
You barely miss the goblin. Your claw misses the goblin.
The goblin hits you but does no damage.
You closely miss the goblin. You mangle the goblin!!
You kill the goblin!
Trog accepts your kill.
The goblin no longer looks unusually strong.
You mangle the goblin!!
You kill the goblin!
Trog accepts your kill.
You are no longer berserk.
You are exhausted.
You feel yourself slow down.
You closely miss the hobgoblin. The hobgoblin hits you.
* * * LOW HITPOINT WARNING * * *
The hobgoblin hits you.
You die...

≈.≈ ≈≈≈.# ## ≈.≈ ≈≈≈..
...# .... ...# ...#
....#... ...#
#..#..##...#
..?...#..### #....?.....
#.@g...# ###):.## ##
####)..#### #...#
#..†......# #..)#
##.........# #...###
.............# #...#..
...##....>.#######...#.#
.. #.###..##...........
. ... #......(........


You could see a hobgoblin (strong).

Vanquished Creatures
  Natasha (D:2)
  Robin (D:2)
  3 gnolls (D:2)
  3 ball pythons (D:1)
  An endoplasm (D:1)
  10 goblins
  8 hobgoblins
  A quokka (D:1)
  2 frilled lizards (D:1)
  5 kobolds
  4 rats
39 creatures vanquished.

Notes
Turn   | Place    | Note
-------+----------+-------------------------------------------
     0 | D:1      | happo123 the Troll Berserker began the quest for the Orb.
     0 | D:1      | Reached XP level 1. HP: 22/22 MP: 0/0
   190 | D:1      | Reached XP level 2. HP: 29/29 MP: 1/1
   936 | D:2      | Found a faded altar of an unknown god.
  1037 | D:2      | Reached XP level 3. HP: 7/36 MP: 2/2
  1039 | D:2      | HP: 1/54 [gnoll/+0 flail (8)]
  1197 | D:2      | Noticed Robin
  1205 | D:2      | Noticed Natasha
  1215 | D:2      | Killed Robin
  1216 | D:2      | Reached XP level 4. HP: 41/45 MP: 3/3
  1221 | D:2      | Killed Natasha
  1222 | D:2      | Reached skill level 4 in Unarmed Combat
  1228 | D:2      | HP: 1/67 [goblin/+0 club[Robin] (3)]
  1230 | D:2      | Reached ** piety under Trog
  1236 | D:2      | HP: 2/45 [hobgoblin[Robin] (3)]
  1236 | D:2      | Slain by a hobgoblin

Illustrated notes

Levels and vault maps discovered:
D:1:      elethiomel_arrival_infinity_welcomes_careful_drivers, layout_basic,
          nrook_mini_vaults, minmay_misc_feat_four_crosses, minivault_24,
          kennysheep_minor_cross
D:2:      layout_loops_cross, shapermc_ecumenical_altar_mp_urbaneastern,
          minivault_14, uniq_robin, uniq_natasha

Skill      XL: |  1  2  3  4 |
---------------+-------------+-----
Fighting       | 3 |  3.1
Unarmed Combat | 4 |  4.2
Dodging        | |  2.9
Stealth        | |  0.2

Action                   |  1- 3 |  4- 6 || total
-------------------------+-------+-------++-------
Melee: Unarmed           |    62 |    19 ||    81
       Punch             |     1 |       ||     1
Invok: Berserk           |     2 |       ||     2
Armor: Animal skin       |    21 |     7 ||    28
Dodge: Dodged            |    34 |    13 ||    47

Table legend: (Time is in decaauts)
 A = Elapsed time spent in this place.
 B = Non-inter-level travel time spent in this place.
 C = Inter-level travel time spent in this place.
 D = Time resting spent in this place.
 E = Time spent auto-exploring this place.
 F = Levels seen in this place.
 G = Mean time per level.
                   A        B        C        D        E       F      G
               +--------+--------+--------+--------+--------+-----+--------+
         Total |   1233 |   1114 |    119 |      0 |    921 |   2 |  616.5 |
       Dungeon |   1233 |   1114 |    119 |      0 |    921 |   2 |  616.5 |
               +--------+--------+--------+--------+--------+-----+--------+

Top non-repeatable levels by time:
     D:1: 915 daAuts
     D:2: 318 daAuts
